 Dungeon Crawl Stone Soup version 0.20.1-1-g8b1a95d (webtiles) character file.

147 vishdafish the Chucker (level 5, -2/50 HPs)
             Began as a Troll Hunter on July 12, 2017.
             Slain by an orc wizard
             ... wielding a +0 dagger of electrocution
              (4 damage)
             ... on level 4 of the Dungeon.
             The game lasted 00:04:28 (2043 turns).

vishdafish the Chucker (Troll Hunter)               Turns: 2043, Time: 00:04:29

Health: -2/50      AC:  5    Str: 21    XL:     5   Next: 8%
Magic:  4/4        EV: 10    Int:  7    God:
Gold:   206        SH:  0    Dex: 10    Spells: 4/4 levels left

rFire    . . .     SeeInvis .   (no weapon)
rCold    . . .     Gourm    +   (no shield)
rNeg     . . .     Faith    .   b - +0 robe
rPois    .         Spirit   .   (helmet restricted)
rElec    .         Reflect  .   (no cloak)
rCorr    .         Harm     .   (gloves unavailable)
MR       .....                  (boots unavailable)
Stlth    +.........             (no amulet)
Regen    0.6/turn               (no ring)
MPRegen  0.1/turn               (no ring)

@: hasted, very quick
A: unfitting armour, claws 3, fast metabolism 3, gourmand, regeneration 1,
shaggy fur 1, tough skin 2
a: no special abilities


You were on level 4 of the Dungeon.
You were not hungry.

You visited 1 branch of the dungeon, and saw 4 of its levels.

You collected 206 gold pieces.

Inventory:

Hand Weapons
 a - a +0 short sword
 l - a cursed +0 whip
Missiles
 c - 5 large rocks (quivered)
 d - 2 throwing nets
Armour
 b - a +0 robe (worn)
Jewellery
 j - a cursed ring of teleportation {unknown}
Scrolls
 g - 5 scrolls of identify {unknown}
 p - a scroll of remove curse {unknown}
 r - 4 scrolls of teleportation {unknown}
 s - a scroll of amnesia {unknown}
 t - a scroll of magic mapping {unknown}
Potions
 e - a potion of brilliance {unknown}
 h - a potion of ambrosia {unknown}
 k - a potion of haste
 m - a potion of mutation {unknown}
 n - a potion of degeneration {unknown}
 q - a potion of heal wounds {unknown}
Books
 u - a book of Cantrips

   Spells                             Type                      Level
   a - Confusing Touch                Hexes                        1
   b - Animate Skeleton               Necromancy                   1
   c - Summon Small Mammal            Summoning                    1
   d - Apportation                    Translocation                1
Comestibles
 f - 2 bread rations
 i - a meat ration
 o - 5 royal jellies


   Skills:
 + Level 2.4 Fighting
 * Level 1.5 Maces & Flails
 * Level 4.6 Throwing
 + Level 2.3 Dodging
 - Level 0.3 Stealth


You had 4 spell levels left.
You didn't know any spells.

Dungeon Overview and Level Annotations

Branches:
Dungeon (4/15)
 Temple: D:4-7

Altars:
Cheibriados
Gozag
The Shining One


Innate Abilities, Weirdness & Mutations

You are too large for most types of armour.
You have claws for hands.
Your metabolism is lightning-fast.
You like to eat raw meat.
Your natural rate of healing is unusually fast.
You are covered in fur. (AC +1)
You have very tough skin. (AC +2)


Message History

You are too injured to fight recklessly!
You are too injured to fight recklessly!
You are too injured to fight recklessly!
You are too injured to fight recklessly!
You are too injured to fight recklessly!
You are too injured to fight recklessly!
You scratch the orc priest.
You kill the orc priest!
You have reached level 5!
The orc wizard barely misses you.
You closely miss the orc wizard.
The orc wizard hits you with a dagger of electrocution.
* * * LOW HITPOINT WARNING * * *
You are electrocuted!
* * * LOW HITPOINT WARNING * * *
Okay, then.
There is a stone staircase leading up here.
It was a potion of haste.
You feel yourself speed up.
The orc wizard hits you with a dagger of electrocution.
You die...

....... ......#
#.....# #.....#
## #.....## ...
##......#
....##.......###
#...............
#.......@.......
#.......o....#..
#.....).....##
.......###..#
......# .>#
##.... ..#
#..... ..# .....
.. ...##


You could see an orc wizard.

Vanquished Creatures
  An orc priest (D:4)
  3 adders
  2 worms
  3 dart slugs
  12 orcs (D:3)
  2 giant cockroaches (D:1)
  8 goblins
  6 hobgoblins
  11 jackals
  3 bats
  4 frilled lizards (D:1)
  6 kobolds
  6 rats
67 creatures vanquished.

Notes
Turn   | Place    | Note
-------+----------+-------------------------------------------
     0 | D:1      | vishdafish the Troll Hunter began the quest for the Orb.
     0 | D:1      | Reached XP level 1. HP: 19/19 MP: 0/0
   121 | D:1      | Reached XP level 2. HP: 28/28 MP: 1/1
   579 | D:1      | Reached XP level 3. HP: 17/35 MP: 2/2
   719 | D:2      | Found a snail-covered altar of Cheibriados.
   791 | D:2      | Reached skill level 4 in Throwing
  1122 | D:2      | Found a faded altar of an unknown god.
  1236 | D:2      | Found an opulent altar of Gozag.
  1293 | D:2      | Found a glowing golden altar of the Shining One.
  1403 | D:3      | Found an opulent altar of Gozag.
  1444 | D:3      | Reached XP level 4. HP: 27/44 MP: 3/3
  1826 | D:3      | Reached skill level 1 in Maces & Flails
  2040 | D:4      | Reached XP level 5. HP: 12/50 MP: 4/4
  2041 | D:4      | HP: 1/50 [orc wizard/dagger of electrocution (9)]
  2043 | D:4      | Slain by an orc wizard

Skill      XL: |  1  2  3  4 |
---------------+-------------+-----
Fighting       | 2 |  2.4
Dodging        | 2 |  2.3
Throwing       | 4 |  4.6
Maces & Flails | 1 |  1.5
Stealth        | |  0.3

Action                   |  1- 3 |  4- 6 || total
-------------------------+-------+-------++-------
Melee: Unarmed           |   132 |   107 ||   239
       Short sword       |     1 |       ||     1
  Use: Potion            |       |     1 ||     1
  Eat: Chunk             |    11 |     7 ||    18
Armor: Robe              |    39 |    41 ||    80
Dodge: Dodged            |    75 |    93 ||   168
